 Dungeon Crawl Stone Soup version 0.31-a0-538-gbc85326fa9 (webtiles) character file.

Game seed: 10814329857938678635

84 Twinkles the Ruffian (level 4, -1/29 HPs)
             Began as an Octopode Shapeshifter on Aug 13, 2023.
             Slain by a gnoll
             ... wielding a +0 whip
              (4 damage)
             ... on level 2 of the Dungeon.
             The game lasted 00:03:12 (901 turns).

Twinkles the Ruffian (Octopode Shapeshifter)         Turns: 901, Time: 00:03:13

Health: -1/29      AC:  1    Str: 16    XL:     4   Next: 45%
Magic:  4/4        EV: 13    Int: 10    God:
Gold:   124        SH:  0    Dex: 12    Spells: 3/3 levels left

rFire   . . .        n - +0 dagger (vamp)
rCold   . . .        (no shield)
rNeg    . . .        (helmet currently unavailable)
rPois   .            (no amulet)
rElec   .            h - +4 ring of slaying
rCorr   .            (no ring)
SInv    .            (no ring)
Will    .....        (no ring)
Stlth   +++          (no ring)
HPRegen 0.24/turn    (no ring)
MPRegen 0.09/turn    (no ring)
                     (no ring)

%: no passive effects
@: beast-form
A: beast (slay +2), almost no armour, amphibious, 8 rings, camouflage 1,
gelatinous body 1, (nimble swimmer 1), tentacles
a: Begin Untransformation


You were on level 2 of the Dungeon.
You were a hulking beast.
You visited 1 branch of the dungeon, and saw 3 of its levels.

You collected 124 gold pieces.

Inventory:

Hand Weapons
 n - a +0 vampiric dagger (weapon)
Missiles
 p - 9 poisoned darts
Jewellery
 h - a +4 ring of slaying (left tentacle)
Talismans
 b - a beast talisman (active)
 c - a flux talisman
Wands
 i - a wand of iceblast (5)
Scrolls
 a - a scroll of noise {unknown}
 d - 2 scrolls of teleportation {unknown}
 e - 3 scrolls of identify {unknown}
 j - a scroll of brand weapon {unknown}
 k - a scroll of amnesia {unknown}
 l - a scroll of enchant armour {unknown}
 m - a scroll of fear {unknown}
 o - 2 scrolls of revelation {unknown}
Potions
 f - a potion of attraction {unknown}
 g - 2 potions of curing {unknown}
 P - a potion of lignification


   Skills:
 + Level 1.8 Fighting
 - Level 2.0 Dodging
 + Level 1.7 Stealth
 * Level 3.8 Unarmed Combat
 * Level 3.6 Shapeshifting


You had 3 spell levels left.
You didn't know any spells.
Your spell library contained the following spells:

 Spells                   Type           Power      Damage    Failure   Level
 Apportation              Tloc           0%         N/A       36%         1
 Necrotise                Necr           0%         1d4       36%         1
 Summon Small Mammal      Summ           0%         N/A       36%         1
 Sublimation of Blood     Necr           0%         N/A       50%         2
 Wereblood                Tmut           0%         N/A       50%         2
 Summon Hydra             Summ           0%         N/A       100%        7


Dungeon Overview and Level Annotations

Branches:
Dungeon (3/15) Zot: 17101

Altars:
Elyvilon


Innate Abilities, Weirdness & Mutations

You are a hulking beast.
Your limbs bulge with bestial killing power. (Slay +2)
You cannot wear most types of armour.
You are amphibious.
You can wear up to eight rings at the same time.
Your skin changes colour to match your surroundings (Stealth+).
Your rubbery body absorbs attacks. (AC +1, EV +1)
((You are camouflaged when in or above water. (Stealth+)))
You have tentacles for arms and can constrict up to eight enemies at once.


Message History

No target in view!
No target in view!
You now have 114 gold pieces (gained 6).
You now have 124 gold pieces (gained 10).
A bat comes into view.
An orc comes into view. It is wielding a +0 dagger.
The orc shouts!
The bat closely misses you.
You miss the bat. Your grab misses the bat. The bat closely misses you.
Found a robe.
The bat barely misses you.
You closely miss the bat. Your grab misses the bat. You squeeze the bat.
You kill the bat!
You puncture the orc!
You kill the orc!
No target in view!
No target in view!
Found 5 stones.
A gnoll comes into view. It is wielding a +0 flail.
The gnoll shouts!
You hear a shout! x2
A gnoll comes into view. It is wielding a +0 whip.
Unknown command.
There is a stone staircase leading up here.
You start waiting.
There are monsters nearby!
The gnoll hits you with a +0 flail. The gnoll hits you with a +0 whip.
You climb upwards.
There is a stone staircase leading down here.
You hit the gnoll.
You feel better.
You grab the gnoll.
The gnoll is lightly wounded.
You constrict the gnoll. The gnoll hits you with a +0 whip.
The gnoll hits you with a +0 flail!
You hit the gnoll.
You feel better.
The gnoll is severely wounded.
You constrict the gnoll. The gnoll hits you with a +0 whip.
The gnoll hits you with a +0 flail!
* * * LOW HITPOINT WARNING * * *
You barely miss the gnoll. You squeeze the gnoll.
You kill the gnoll!
The gnoll hits you with a +0 whip.
You die...

.........#..#######
....†.............#
..................#
..................#
..................#
..................#
..##..............#
..#............g).#
..#..#.#.....>..h.#
....#.#..........#
.#. ..#.......<..#
.. ############


You could see a gnoll.

Vanquished Creatures
  An orc wizard (D:3)
  A gnoll (D:2)
  An adder (D:2)
  A worm (D:2)
  A dart slug (D:3)
  4 orcs (D:3)
  2 endoplasms
  5 giant cockroaches
  4 goblins
  3 hobgoblins (D:1)
  2 quokkas
  2 ball pythons
  6 bats
  2 frilled lizards (D:1)
  2 kobolds (D:1)
  3 rats
40 creatures vanquished.

Notes
Turn   | Place    | Note
-------+----------+-------------------------------------------
     0 | D:1      | Twinkles the Octopode Shapeshifter began the quest for the
                  | Orb.
     0 | D:1      | Reached XP level 1. HP: 13/13 MP: 1/1
   150 | D:1      | Reached XP level 2. HP: 16/18 MP: 2/2
   534 | D:2      | Reached skill level 1 in Stealth
   534 | D:2      | Reached XP level 3. HP: 23/23 MP: 3/3
   634 | D:2      | You fall into a shaft and drop 1 floor!
   707 | D:3      | Reached XP level 4. HP: 29/29 MP: 4/4
   713 | D:3      | Found a white marble altar of Elyvilon.
   900 | D:2      | HP: 2/29 [gnoll/+0 flail (8)]
   901 | D:2      | Slain by a gnoll

Illustrated notes

Levels and vault maps discovered:
D:1:      mrwooster_arrival_statue_2, layout_rooms
D:2:      layout_rooms, hellmonk_ecumenical_altar_inner_sanctum,
          minmay_divided_ellipse
D:3:      layout_rooms, elyvilon_altar_1, worldfamousw_hep_ancestral_shrine,
          kennysheep_nub

Skill      XL: |  1  2 |
---------------+-------+-----
Stealth        | 1 |  1.7
Fighting       | |  1.8
Dodging        | |  2.0
Unarmed Combat | |  3.8
Shapeshifting  | |  3.6

Action                     |  1- 3 |  4- 6 || total
---------------------------+-------+-------++-------
  Melee: Unarmed           |    40 |       ||    40
         Tentacles         |     9 |     4 ||    13
         Constrict         |    14 |     4 ||    18
         Punch             |     1 |       ||     1
         Dagger            |     7 |    14 ||    21
   Stab: Sleeping          |     6 |     1 ||     7
         Distracted        |       |     1 ||     1
 Armour: Skin              |     7 |       ||     7
  Dodge: Dodged            |    20 |     4 ||    24

Table legend: (Time is in decaauts)
 A = Elapsed time spent in this place.
 B = Non-inter-level travel time spent in this place.
 C = Inter-level travel time spent in this place.
 D = Time resting spent in this place.
 E = Time spent auto-exploring this place.
 F = Levels seen in this place.
 G = Mean time per level.
                   A        B        C        D        E       F      G
               +--------+--------+--------+--------+--------+-----+--------+
         Total |    898 |    877 |     21 |     13 |    565 |   3 |  299.3 |
       Dungeon |    898 |    877 |     21 |     13 |    565 |   3 |  299.3 |
               +--------+--------+--------+--------+--------+-----+--------+

Top non-repeatable levels by time:
     D:1: 487 daAuts
     D:3: 263 daAuts
     D:2: 147 daAuts
